 Dungeon Crawl Stone Soup version 0.30-a0-728-gc68057be0a (webtiles) character file.

Game seed: 1564031372082076786

69304 Shayle the Fighter (level 15, -37/85 HPs)
             Began as a Tengu Brigand on Jan 30, 2023.
             Was a High Priest of Hepliaklqana.
             Killed from afar by Jorgrun (66 damage)
             ... with an iron shot
             ... on level 2 of the Orcish Mines.
             The game lasted 02:44:13 (27054 turns).

Shayle the Fighter (Tengu Brigand)                 Turns: 27054, Time: 02:44:14

Health: -37/85     AC: 10    Str: 12    XL:     15   Next: 29%
Magic:  17/26      EV: 20    Int: 17    God:    Hepliaklqana [*****.]
Gold:   2888       SH:  0    Dex: 17    Spells: 7/27 levels left

rFire   . . .      SeeInvis +    S - +6 scimitar (elec)
rCold   . . .      Faith    .    (no shield)
rNeg    . . .      Spirit   .    J - +0 steam dragon scales
rPois   +          Reflect  .    (helmet restricted)
rElec   .          Harm     .    c - +0 cloak
rCorr   .          Rampage  .    y - +1 pair of gloves
Will    +....                    (boots unavailable)
Stlth   ++++                     t - amulet of the acrobat
HPRegen 0.34/turn                A - ring of poison resistance
MPRegen 0.20/turn                P - ring of see invisible

@: flying quickly and evasively, studying Translocations, quick
A: reduced essence, beak, talons 3, nimble flight
a: Renounce Religion, Recall Ancestor, Ancestor Identity, Transference, Idealise


You were on level 2 of the Orcish Mines.
You worshipped Hepliaklqana.
Hepliaklqana was extremely pleased with you.
You visited 4 branches of the dungeon, and saw 20 of its levels.
You visited the Abyss 1 time.
You also visited: Bailey.

You collected 3488 gold pieces.
You spent 600 gold pieces at shops.

Inventory:

Hand Weapons
 f - a +3 triple sword of electrocution
 g - the +6 short sword of Extremism {flame, rC+}
   (You acquired it on level 3 of the Dungeon)

   rC:        It protects you from cold.
 m - a +4 hand axe of holy wrath
 w - a +3 demon whip of electrocution
 F - the +5 falchion of Doom {heavy, *Corrode Int+4 Dex+3}
   (You took it off a spriggan on level 5 of the Lair of Beasts)

   Int:       It affects your intelligence (+4).
   Dex:       It affects your dexterity (+3).
   *Corrode:  It may corrode you when you take damage.
 I - a +2 broad axe of flaming
 S - a +6 scimitar of electrocution (weapon)
Missiles
 d - 19 poisoned darts
 k - 4 atropa-tipped darts
 u - a throwing net
 z - 3 silver boomerangs
 M - 4 curare-tipped darts (quivered)
Armour
 c - a +0 cloak (worn)
 y - a +1 pair of gloves (worn)
 B - a +3 ring mail
 J - +0 steam dragon scales (worn)
 T - a +0 troll leather armour
Jewellery
 e - a ring of resist corrosion
 t - an amulet of the acrobat (around neck)
 A - a ring of poison resistance (left hand)
 P - a ring of see invisible (right hand)
Wands
 a - a wand of mindburst (5)
 n - a wand of polymorph (10)
 C - a wand of flame (11)
Scrolls
 h - 3 scrolls of immolation
 l - 6 scrolls of fog
 s - 10 scrolls of teleportation
 D - 5 scrolls of magic mapping
 H - a scroll of poison
 L - a scroll of amnesia
Potions
 b - 3 potions of haste
 i - 3 potions of attraction
 o - a potion of resistance
 p - 4 potions of lignification
 q - 3 potions of brilliance
 r - 4 potions of mutation
 v - 4 potions of curing
 E - 2 potions of berserk rage
 G - a potion of cancellation
 K - 2 potions of magic
 R - a potion of might
Miscellaneous
 O - a tin of tremorstones (2/2)
 U - a lightning rod (2/4)


   Skills:
 + Level 11.2 Fighting
 - Level 8.8 Short Blades
 - Level 2.0 Throwing
 + Level 8.2 Armour
 - Level 8.7 Dodging
 - Level 7.2 Stealth
 + Level 6.7 Spellcasting
 + Level 9.6 Conjurations
 - Level 9.0 Translocations
 + Level 8.1 Fire Magic
 + Level 10.7 Air Magic
 + Level 10.2 Invocations


You had 7 spell levels left.
You knew the following spells:

 Your Spells              Type           Power      Damage    Failure   Level
a - Vhi's Electric Charg  Tloc/Air       78%        N/A       1%          3
b - Hailstorm             Conj/Ice       22%        3d7       4%          3
c - Blink                 Tloc           72%        N/A       1%          2
d - Mephitic Cloud        Conj/Pois/Air  28%        N/A       2%          3
e - Manifold Assault      Tloc           36%        N/A       3%          4
f - Arcjolt               Conj/Air       20%        1d30      4%          5

Your spell library contained the following spells:

 Spells                   Type           Power      Damage    Failure   Level
 Apportation              Tloc           72%        N/A       1%          1
 Magic Dart               Conj           100%       1d8       1%          1
 Static Discharge         Conj/Air       80%        2-6/arc   1%          2
 Kindle Blastsparks       Fire/Tloc/Air  74%        2d16      1%          3
 Sticky Flame             Conj/Fire      36%        2d6       3%          4
 Lightning Bolt           Conj/Air       20%        1d35      4%          5
 Necrotise                Necr           20%        1d5       12%         1
 Summon Small Mammal      Summ           20%        N/A       12%         1
 Ignite Poison            Fire/Tmut/Pois 14%        N/A       12%         3
 Call Imp                 Summ           5%         N/A       19%         2
 Ensorcelled Hibernation  Hex/Ice        10%        N/A       19%         2
 Freezing Cloud           Conj/Ice/Air   14%        6-21      21%         5
 Conjure Ball Lightning   Conj/Air       20%        3x3d6     28%         6
 Ozocubu's Armour         Ice            5%         N/A       34%         3
 Spider Form              Tmut/Pois      5%         N/A       34%         3
 Anguish                  Hex/Necr       2%         N/A       75%         4
 Ice Form                 Ice/Tmut       5%         N/A       75%         4
 Simulacrum               Ice/Necr       2%         N/A       100%        6
 Ozocubu's Refrigeration  Ice            2%         4d8       100%        7
 Storm Form               Tmut/Air       11%        N/A       100%        7
 Discord                  Hex            2%         N/A       100%        8
 Disjunction              Tloc           18%        N/A       100%        8
 Ignition                 Fire           16%        3d7       100%        8


Dungeon Overview and Level Annotations

Branches:
Dungeon (12/15)            Temple (1/1) D:6            Lair (5/5) D:8
  Swamp (0/4) Lair:2       Spider (0/4) Lair:2        Slime (0/5) Lair:4
    Orc (2/2) D:9             Elf (0/3) Orc:2        Bailey (visited)

Altars:
Fedhas
Hepliaklqana
Kikubaaqudgha
Makhleb
Nemelex Xobeh
Okawaru
Ru
Sif Muna
Trog
Uskayaw
Yredelemnul
Zin
Jiyva
Lugonu

Shops:
D:3 ?   D:4 *

Portals:
Abyss: Lair:5
Trove: D:11 (give +3 gold dragon scales)

Annotations:
Orc:2 Jorgrun, Saint Roka


Innate Abilities, Weirdness & Mutations

Your life essence is reduced to manifest your ancestor. (-10% HP)
You have a beak for a mouth.
You have claws for feet.
Your magical nature lets you fly swiftly and evasively.


Message History

Done waiting.
Search for what [Enter for "orc", or ? for help]? shield Jorgrun Earthshaker comes into view.
He is wielding a +0 heavy quarterstaff and wearing a +1 robe of cold resistance.
Found 33 gold pieces.
Found 7 gold pieces.
Found a staircase to the Elven Halls.
An orc warrior comes into view. It is wielding a +0 long sword.
Casting: Mephitic Cloud (mildly dangerous; 2% risk of failure)
Confirm with . or Enter, or press ? or * to list all spells.
Aiming: Mephitic Cloud (mildly dangerous; 2% risk of failure)
Press: ? - help, Shift-Dir - straight line, f - Jorgrun
Aim: Jorgrun, wielding a +0 heavy quarterstaff and wearing a +1 robe of cold resistance (asleep, ally target, chance to affect: 29%)
The ball explodes into a vile cloud!
The stinking cloud engulfs Jorgrun but does no damage.
Jorgrun shouts!
You hear a shout! x7
Jorgrun is engulfed in noxious fumes.
Jorgrun casts a spell at you. The iron shot hits you!!!
Casting: Mephitic Cloud (mildly dangerous; 2% risk of failure)
Confirm with . or Enter, or press ? or * to list all spells.
Aiming: Mephitic Cloud (mildly dangerous; 2% risk of failure)
Press: ? - help, Shift-Dir - straight line, f/p - Jorgrun
Aim: Jorgrun, wielding a +0 heavy quarterstaff and wearing a +1 robe of cold resistance (noxious fumes, ally target, chance to affect: 29%)
The ball explodes into a vile cloud!
The stinking cloud engulfs Jorgrun but does no damage.
You hear a shout! x2
Saint Roka the Messiah comes into view.
They are wielding a +0 dire flail and wearing a +1 chain mail of cold resistance.
Jorgrun is engulfed in noxious fumes.
Casting: Mephitic Cloud (mildly dangerous; 2% risk of failure)
Confirm with . or Enter, or press ? or * to list all spells.
Aiming: Mephitic Cloud (mildly dangerous; 2% risk of failure)
Press: ? - help, Shift-Dir - straight line, f/p - Jorgrun
Aim: Jorgrun, wielding a +0 heavy quarterstaff and wearing a +1 robe of cold resistance (ally target, chance to affect: 29%)
The ball explodes into a vile cloud!
The stinking cloud engulfs Jorgrun but does no damage.
Saint Roka invokes the aid of Beogh against you.
Beogh smites you!
Jorgrun is engulfed in noxious fumes.
Jorgrun casts a spell at you. The iron shot hits you!!!
Ouch! That really hurt!
You die...

.o........##
....>$#....#
......○.○..##
......☼.○.#.##
..$o..○g°....
......☼☼.#.#
#. #..R..#.##
...##..@....#
#.#........##
#....##.###
#....#.##
#.....R.###
##...#..#.##
#####.....#
#.....##
#.....#


You could see the friendly Leofdaeg the hexer, Saint Roka, Jorgrun (ally target)
and an orc warrior.

Vanquished Creatures
  Rupert (Orc:2)
  The ghost of BlueFish the Stickfighter, a journeyman TeAE of Vehumet (Lair:5)
  A minotaur (Lair:5)
  2 hydras
  7 death yaks (Lair:5)
  A catoblepas (Lair:1)
  2 two-headed ogres (D:11)
  3 thrashing horrors (Lair:5)
  An orc high priest (Orc:1)
  Pikel (D:7)
  An orc knight (Bailey)
  A deep elf zephyrmancer (Bailey)
  An oklob plant (Lair:4)
  2 orc sorcerers
  3 ugly things
  3 cyclopes (D:12)
  A black mamba (Lair:5)
  10 elephants
  An apocalypse crab (Abyss:1)
  Maggie (D:7)
  A gargoyle (D:11)
  9 cane toads
  6 komodo dragons
  A rime drake (Lair:1)
  An ancient zyme (Lair:5)
  4 trolls
  A polar bear (Lair:1)
  A tyrant leech (Lair:2)
  2 hornets
  A raiju (Abyss:1)
  20 blink frogs
  Sigmund (D:4)
  2 large abominations
  A shadow (D:11)
  2 wraiths
  5 wyverns
  A ynoxinul (Lair:5)
  3 spriggans
  A human (shapeshifter) (Lair:5)
  40 yaks
  A steam dragon (D:8)
  4 basilisks
  3 wargs
  A chaos spawn (Lair:5)
  A swamp worm (Lair:1)
  An acid dragon (D:11)
  11 water moccasins
  13 orc warriors
  9 black bears
  2 ogres
  A sky beast (D:7)
  25 wolves
  3 centaurs
  6 small abominations (Lair:5)
  2 phantoms
  A kobold brigand (D:8)
  12 bullfrogs
  A gnoll sergeant (D:8)
  5 scorpions
  4 hexers
  4 wights (D:8)
  10 killer bees
  2 electric eels (D:7)
  2 hounds
  10 orc priests
  3 jellies
  2 iguanas
  17 orc wizards
  A hound zombie (D:2)
  A hound skeleton (D:2)
  9 adders
  3 gnolls (D:7)
  3 shadow imps
  An ufetubus (D:7)
  2 worms (D:5)
  5 dart slugs
  59 orcs
  3 ball pythons
  10 bats
  5 endoplasms
  A giant cockroach (D:3)
  7 goblins
  7 hobgoblins
  3 quokkas
  A ball python zombie (D:2)
  2 frilled lizards (D:2)
  18 kobolds
  A quokka skeleton (D:2)
  A rat (D:2)
446 creatures vanquished.

Vanquished Creatures (collateral kills)
  2 hydras
  A centaur warrior (D:12)
  2 boulder beetles
  An orc high priest (Orc:1)
  Sonja (D:12)
  A thrashing horror (Lair:5)
  A skeletal warrior (D:12)
  A deep troll (Orc:1)
  A large abomination (Lair:5)
  An orc knight (Orc:1)
  An ugly thing (D:9)
  An oklob plant (Lair:3)
  12 elephants
  3 smoke demons (Lair:5)
  3 cane toads
  A gargoyle (D:12)
  2 komodo dragons
  An ancient zyme (Lair:5)
  A troll (D:11)
  5 blink frogs
  7 yaks
  A ynoxinul (Lair:5)
  A shadow (D:10)
  3 basilisks
  A warg (D:9)
  5 orc warriors
  A black bear (D:8)
  An ogre (Orc:2)
  5 wolves
  2 centaurs (D:8)
  A kobold brigand (D:11)
  A bullfrog (Lair:4)
  A wight (D:8)
  9 killer bees
  A howler monkey (D:8)
  4 orc priests
  Ijyb (D:4)
  2 orc wizards
  8 orcs
  A bat (Lair:2)
  2 goblins (D:4)
  2 kobolds (D:11)
102 creatures vanquished.

Vanquished Creatures (others)
  6 ancestors
  13 hexers
  A gnoll (D:7)
  2 orcs
  A goblin (D:4)
  49 fungi
  74 plants
146 creatures vanquished.

Grand Total: 694 creatures vanquished

Notes
Turn   | Place    | Note
-------+----------+-------------------------------------------
     0 | D:1      | Shayle the Tengu Brigand began the quest for the Orb.
     0 | D:1      | Reached XP level 1. HP: 12/12 MP: 2/2
    20 | D:1      | Found a faded altar of an unknown god.
   135 | D:1      | Reached XP level 2. HP: 17/17 MP: 3/3
   510 | D:2      | Reached XP level 3. HP: 19/22 MP: 4/4
  1119 | D:2      | Reached XP level 4. HP: 25/27 MP: 5/5
  1304 | D:3      | Reached skill level 3 in Fighting
  1310 | D:3      | Identified 4 scrolls of acquirement
  1311 | D:3      | Acquired 1041 gold pieces
  1312 | D:3      | Acquired the +6 short sword of Extremism {flame, rC+}
  1313 | D:3      | Acquired 877 gold pieces
  1314 | D:3      | Acquired a manual of Translocations
  1791 | D:3      | Noticed a bullfrog
  1815 | D:3      | Killed a bullfrog
  1816 | D:3      | Reached skill level 1 in Translocations
  1816 | D:3      | Gained mutation: Your magical nature lets you fly swiftly
                  | and evasively. [Tengu growth]
  1816 | D:3      | Reached XP level 5. HP: 25/32 MP: 6/6
  2004 | D:3      | Reached skill level 5 in Stealth
  2053 | D:3      | Found Biongumn's Magic Scroll Shop.
  2056 | D:3      | Bought 3 scrolls of teleportation for 117 gold pieces
  2056 | D:3      | Bought a scroll of enchant armour for 97 gold pieces
  2056 | D:3      | Bought a scroll of enchant weapon for 97 gold pieces
  2056 | D:3      | Bought a scroll of fear for 52 gold pieces
  2107 | D:3      | Found a burning altar of Makhleb.
  2110 | D:3      | Found an iron altar of Okawaru.
  2118 | D:3      | Found a shimmering blue altar of Sif Muna.
  2123 | D:3      | Found an ancient bone altar of Kikubaaqudgha.
  2387 | D:4      | Noticed an ogre
  2399 | D:4      | Killed an ogre
  2400 | D:4      | Reached XP level 6. HP: 37/37 MP: 7/7
  2789 | D:4      | Found Erasaezi's Assorted Antiques.
  2797 | D:4      | Bought a blue potion for 21 gold pieces
  2797 | D:4      | Bought a short gold wand for 96 gold pieces
  2797 | D:4      | Bought a tubular copper ring for 120 gold pieces
  2812 | D:4      | Noticed Sigmund
  2894 | D:4      | Noticed Ijyb
  2913 | D:4      | Killed Sigmund
  2914 | D:4      | Reached skill level 4 in Fighting
  2914 | D:4      | Reached XP level 7. HP: 38/43 MP: 8/8
  2922 | D:4      | Your ally Ijyb died
  3594 | D:5      | Entered Level 5 of the Dungeon
  4868 | D:6      | Reached XP level 8. HP: 32/48 MP: 9/9
  5049 | D:6      | Reached skill level 5 in Dodging
  5140 | D:6      | Reached skill level 5 in Fighting
  5153 | D:6      | Reached skill level 5 in Short Blades
  5166 | Abyss:1  | Cast into level 1 of the Abyss (orc)
  5176 | Abyss:1  | Found a corrupted altar of Lugonu.
  5208 | Abyss:1  | Noticed a raiju
  5217 | Abyss:1  | Killed a raiju
  5227 | Abyss:1  | Noticed a sixfirhy
  5347 | Abyss:1  | Noticed a large abomination
  5347 | Abyss:1  | Noticed a large abomination
  5347 | Abyss:1  | Noticed a raiju
  5360 | Abyss:1  | Noticed a vampire mage
  5399 | Abyss:1  | Killed a large abomination
  5400 | Abyss:1  | Reached skill level 5 in Translocations
  5435 | Abyss:1  | Noticed an apocalypse crab
  5444 | Abyss:1  | Killed an apocalypse crab
  5445 | Abyss:1  | Reached XP level 9. HP: 55/55 MP: 10/10
  5447 | D:6      | Escaped the Abyss
  5605 | D:6      | Found a staircase to the Ecumenical Temple.
  5636 | Temple   | Entered the Ecumenical Temple
  5696 | Temple   | Became a worshipper of Hepliaklqana the Forgotten
  6025 | D:6      | Reached skill level 1 in Invocations
  6221 | D:7      | Reached skill level 6 in Fighting
  6231 | D:7      | Noticed Maggie
  6517 | D:7      | Killed Maggie
  6722 | D:7      | Identified the +1 scale mail "Ezaej" {Will+}
  7185 | D:7      | Noticed Pikel
  7222 | D:7      | Killed Pikel
  7223 | D:7      | Reached XP level 10. HP: 44/61 MP: 12/14
  7453 | D:7      | Reached * piety under Hepliaklqana
  7825 | D:8      | Learned a level 3 spell: Vhi's Electric Charge
  7921 | D:8      | Found a flagged portal.
  7931 | Bailey   | Entered a bailey
  8085 | Bailey   | Upgraded the game from 0.30-a0-726-gd89dcf765f to
                  | 0.30-a0-728-gc68057be0a
  8160 | Bailey   | Noticed an orc knight
  8172 | Bailey   | Found a large runed translucent door.
  8172 | Bailey   | Found a large runed translucent door.
  8173 | Bailey   | Noticed a deep elf zephyrmancer
  8339 | Bailey   | Killed an orc knight
  8340 | Bailey   | Reached skill level 7 in Fighting
  8340 | Bailey   | Reached skill level 5 in Invocations
  8505 | Bailey   | Killed a deep elf zephyrmancer
  8626 | D:8      | Found a staircase to the Lair.
  8895 | D:9      | Reached XP level 11. HP: 47/60 MP: 16/16
  8916 | D:9      | Reached skill level 1 in Air Magic
  9173 | D:9      | Found a staircase to the Orcish Mines.
  9310 | D:9      | Learned a level 3 spell: Hailstorm
 10158 | D:8      | Reached ** piety under Hepliaklqana
 10297 | D:8      | Remembered your ancestor Leofdaeg as a hexer
 11269 | D:9      | Noticed a green ugly thing
 11533 | D:9      | Killed a green ugly thing
 11534 | D:9      | Reached skill level 8 in Fighting
 11598 | D:9      | Found a basalt altar of Yredelemnul.
 11915 | D:10     | Entered Level 10 of the Dungeon
 11957 | Lair:1   | Entered Level 1 of the Lair of Beasts
 12481 | Lair:1   | Reached skill level 1 in Conjurations
 12481 | Lair:1   | Reached XP level 12. HP: 67/67 MP: 5/18
 12496 | Lair:1   | Reached skill level 1 in Armour
 12496 | Lair:1   | Reached skill level 1 in Fire Magic
 12498 | Lair:1   | Reached skill level 1 in Spellcasting
 12581 | Lair:1   | Learned a level 2 spell: Blink
 13244 | Lair:2   | Noticed a four-headed hydra
 13256 | Lair:2   | Killed a four-headed hydra
 13257 | Lair:2   | Reached skill level 5 in Air Magic
 13355 | Lair:2   | Found a hole to the Spider Nest.
 13372 | Lair:2   | Learned a level 3 spell: Mephitic Cloud
 13495 | Lair:2   | Noticed a boulder beetle
 13516 | Lair:2   | Killed a boulder beetle
 13626 | Lair:2   | Reached *** piety under Hepliaklqana
 13735 | Lair:2   | Noticed a catoblepas
 13890 | Lair:1   | Killed a catoblepas
 14267 | Lair:2   | Found a staircase to the Swamp.
 14744 | Lair:3   | Reached skill level 9 in Fighting
 15202 | Lair:3   | Noticed a six-headed hydra
 15272 | Lair:3   | Noticed an eight-headed hydra
 15276 | Lair:3   | Noticed a catoblepas
 15279 | Lair:3   | Reached skill level 5 in Conjurations
 15603 | Lair:3   | Reached XP level 13. HP: 72/72 MP: 20/20
 15952 | D:10     | Learned a level 4 spell: Manifold Assault
 16045 | D:10     | Found a sparkling altar of Nemelex Xobeh.
 16102 | D:10     | Reached **** piety under Hepliaklqana
 17673 | D:11     | Reached skill level 5 in Fire Magic
 17881 | D:11     | Reached ***** piety under Hepliaklqana
 17916 | D:11     | Found a portal to a secret trove of treasure.
 18091 | D:12     | Reached skill level 5 in Armour
 18212 | D:12     | Noticed Sonja
 18216 | D:12     | Killed Sonja
 18665 | Orc:1    | Entered Level 1 of the Orcish Mines
 19386 | Lair:3   | Reached skill level 10 in Fighting
 19959 | Lair:3   | Reached skill level 5 in Spellcasting
 19968 | Lair:3   | Reached XP level 14. HP: 74/79 MP: 18/22
 20582 | Lair:4   | Found a viscous altar of Jiyva.
 20582 | Lair:4   | Found a staircase to the Slime Pits.
 22102 | Lair:5   | Entered Level 5 of the Lair of Beasts
 22229 | Lair:5   | Found a runed translucent gate.
 22359 | Lair:5   | Found a runed translucent gate.
 22372 | Lair:5   | Found a runed translucent gate.
 22509 | Lair:5   | Noticed BlueFish's ghost (journeyman TeAE)
 23600 | Lair:5   | Reached ****** piety under Hepliaklqana
 23789 | Lair:5   | Reached skill level 10 in Air Magic
 24785 | Lair:5   | Identified the +5 falchion of Doom {heavy, *Corrode Int+4
                  | Dex+3}
 24795 | Lair:5   | Reached skill level 10 in Invocations
 24960 | Lair:5   | Reached XP level 15. HP: 71/83 MP: 1/25
 24975 | Lair:5   | Reached skill level 11 in Fighting
 25136 | Lair:5   | Found a corrupted altar of Lugonu.
 25136 | Lair:5   | Found a one-way gate to the infinite horrors of the Abyss.
 25438 | Lair:5   | Learned a level 5 spell: Arcjolt
 25649 | Lair:5   | Killed BlueFish's ghost
 26500 | Orc:2    | Entered Level 2 of the Orcish Mines
 26502 | Orc:2    | Paralysed by an orc sorcerer for 2 turns
 26520 | Orc:2    | Noticed Rupert
 26528 | Orc:2    | HP: 3/81 [ice devil[an orc sorcerer] (20)]
 26532 | Orc:2    | HP: 1/79 [barbs]
 26875 | Orc:2    | Killed Rupert
 27048 | Orc:2    | Noticed Jorgrun
 27049 | Orc:2    | Found a staircase to the Elven Halls.
 27053 | Orc:2    | Noticed Saint Roka
 27054 | Orc:2    | Killed from afar by Jorgrun

Illustrated notes

Levels and vault maps discovered:
D:1:      saegor_arrival_simple_d, layout_rooms,
          hellmonk_ecumenical_altar_blasted
D:2:      layout_loops_cross, serial_undead, serial_undead_f, serial_undead_c,
          serial_undead_f, serial_undead_c, grunt_ministairs_11
D:3:      mumra_celtic_spiral_tile, layout_loops_cross, minitemple,
          serial_shops, nicolae_shop_behind_doors, saegor_snake_ambush
D:4:      kennysheep_the_goblin_king, layout_basic, serial_shops, shop,
          uniq_sigmund
D:5:      layout_layer_cave
D:6:      layout_basic, minmay_temple_entry_mini_moons, interstate_on_off,
          hex_tiny, water_maze_lemuel
D:7:      layout_basic, chequers_big_river, uniq_maggie, uniq_pikel
D:8:      minmay_octagon_keep, layout_layer_cave, due_lair_maze_entry_diamond,
          enter_bailey_2, minmay_misc_feat_pillars, minivault_11
D:9:      layout_basic, mainiacjoe_overflow_alcove_1, david_orc_2,
          serial_aquarium, aquarium_bridge_long_separate
          [aquarium_subvault_wall, aquarium_subvault_balcony,
          aquarium_subvault_bridge, aquarium_subvault_wall,
          aquarium_subvault_bridge, aquarium_subvault_bridge],
          aquarium_window_fake, aquarium_window_2, aquarium_window_corner,
          aquarium_view_2c, aquarium_balcony_5b, aquarium_pool_split
D:10:     layout_long_grid, nemelex_xobeh_ov_fountains_minmay
D:11:     layout_irregular_city, nicolae_trove_entry_crystal
D:12:     layout_gridville, kb_rosetta, uniq_sonja, uniq_maurice
Temple:   kb_temple_of_zot
Lair:1:   layout_hall_layers, grunt_forest_large_clearing_hut,
          lemuel_fruit_tree, grunt_megastairs_2, lemuel_fruit_fields
Lair:2:   layout_chaotic_city, minmay_swamp_entry_worms, dummy_spider_entry
Lair:3:   layout_layer_cave, minmay_stone_trees_small, roderic_batcave,
          st_stairs_12, serial_bayou_shore_a, grunt_megastairs_4,
          infiniplex_staircase_pool_2
Lair:4:   layout_cave_pods, slime_entry_1
Lair:5:   hellmonk_lair_end_abyssal_woods, layout_regular_city,
          maelrawn_ghost_gauntlet_escape, st_stairs_12, minivault_26
Orc:1:    layout_caves, guppyfry_orc_lava_fort, uniq_erica
Orc:2:    st_orc_elflike, layout_caves, minmay_orc_temple_a, uniq_rupert,
          uniq_saint_roka, uniq_jorgrun

Skill      XL: |  1  2  3  4  5  6  7  8  9 10 11 12 13 14 15 |
---------------+----------------------------------------------+-----
Dodging        | 2 3 4 5 6 7 8 |  8.7
Fighting       | 3 4 5 6 7 8 9 10 11 | 11.2
Translocations | 1 2 3 5 6 8 9 |  9.0
Stealth        | 5 6 7 |  7.2
Short Blades   | 3 4 5 6 7 8 |  8.8
Invocations    | 4 5 7 8 9 10 | 10.2
Air Magic      | 4 6 8 10 | 10.7
Conjurations   | 1 5 7 9 |  9.6
Armour         | 4 6 7 8 |  8.2
Fire Magic     | 4 6 7 8 |  8.1
Spellcasting   | 3 5 6 |  6.7
Throwing       | |  2.0

Action                     |  1- 3 |  4- 6 |  7- 9 | 10-12 | 13-15 || total
---------------------------+-------+-------+-------+-------+-------++-------
  Melee: Dagger            |    60 |     4 |       |       |       ||    64
         Peck              |    12 |     8 |    43 |   138 |   140 ||   341
         Kick              |    17 |     8 |    67 |   205 |   203 ||   500
         Short sword       |       |    71 |   216 |   544 |   147 ||   978
         Punch             |       |     1 |     3 |     8 |    17 ||    29
         Scimitar          |       |       |       |       |   382 ||   382
         Broad axe         |       |       |       |       |    99 ||    99
         Hand axe          |       |       |       |       |     2 ||     2
  Throw: Dart              |       |     6 |    10 |    42 |     3 ||    61
   Cast: Vhi's Electric Ch |       |       |       |    44 |    21 ||    65
         Mephitic Cloud    |       |       |       |    20 |    83 ||   103
         Hailstorm         |       |       |       |     1 |     3 ||     4
         Manifold Assault  |       |       |       |       |   126 ||   126
         Blink             |       |       |       |       |     2 ||     2
         Arcjolt           |       |       |       |       |     2 ||     2
 Invoke: Recall Ancestor   |       |       |       |    15 |    14 ||    29
         Ancestor Life: He |       |       |       |     1 |       ||     1
         Transference      |       |       |       |     1 |       ||     1
         Idealise          |       |       |       |       |     6 ||     6
  Evoke: Wand              |       |     1 |    34 |    10 |     3 ||    48
         Lightning rod     |       |       |       |     1 |     6 ||     7
    Use: Scroll            |       |    12 |     4 |    15 |    11 ||    42
         Potion            |       |     1 |     2 |       |     8 ||    11
   Stab: Sleeping          |     6 |     7 |     9 |    10 |     2 ||    34
         Distracted        |       |     1 |       |    11 |     5 ||    17
         Invisible         |       |       |       |     3 |       ||     3
         Confused          |       |       |       |    12 |    42 ||    54
         Paralysed         |       |       |       |       |    13 ||    13
 Armour: Robe              |    11 |    10 |    20 |       |       ||    41
         Skin              |       |    11 |       |       |       ||    11
         Steam dragon scal |       |       |     8 |    76 |    78 ||   162
  Dodge: Dodged            |    26 |    48 |   144 |   454 |   486 ||  1158

Table legend: (Time is in decaauts)
 A = Elapsed time spent in this place.
 B = Non-inter-level travel time spent in this place.
 C = Inter-level travel time spent in this place.
 D = Time resting spent in this place.
 E = Time spent auto-exploring this place.
 F = Levels seen in this place.
 G = Mean time per level.
                   A        B        C        D        E       F      G
               +--------+--------+--------+--------+--------+-----+--------+
         Total |  25519 |  24234 |   1285 |   7494 |  11210 |  22 | 1160.0 |
       Dungeon |  13296 |  12547 |    749 |   2445 |   7306 |  12 | 1108.0 |
        Temple |     81 |     70 |     11 |      0 |     58 |   1 |   81.0 |
          Lair |  10432 |   9930 |    502 |   4351 |   3611 |   5 | 2086.4 |
  Orcish Mines |    863 |    841 |     22 |    445 |    125 |   2 |  431.5 |
         Abyss |    258 |    258 |      0 |     78 |      8 |   1 |  258.0 |
        Bailey |    586 |    586 |      0 |    174 |    100 |   1 |  586.0 |
               +--------+--------+--------+--------+--------+-----+--------+

Top non-repeatable levels by time:
  Lair:5: 3135 daAuts
  Lair:2: 2112 daAuts
  Lair:4: 1989 daAuts
     D:7: 1796 daAuts
  Lair:1: 1765 daAuts
     D:8: 1753 daAuts
     D:9: 1724 daAuts
  Lair:3: 1429 daAuts
    D:11: 1198 daAuts
     D:4: 1115 daAuts
     D:3: 1063 daAuts
     D:5: 1058 daAuts
     D:6: 1002 daAuts
     D:2: 802 daAuts
    D:10: 766 daAuts
